 Dungeon Crawl Stone Soup version 0.20.1-1-g8b1a95d (webtiles) character file.

126 vatarom the Stinger (level 4, -6/34 HPs)
             Began as a Demonspawn Venom Mage on Oct 5, 2017.
             Killed by divine providence
             ... invoked by an orc priest
              (15 damage)
             ... on level 3 of the Dungeon.
             The game lasted 00:08:25 (2848 turns).

vatarom the Stinger (Demonspawn Venom Mage)         Turns: 2848, Time: 00:08:25

Health: -6/34      AC:  5    Str: 11    XL:     4   Next: 83%
Magic:  1/8        EV: 12    Int: 18    God:
Gold:   106        SH:  0    Dex: 14    Spells: 2/8 levels left

rFire    . . .     SeeInvis .   k - +1 mace
rCold    . . .     Gourm    .   (no shield)
rNeg     . . .     Faith    .   a - +1 robe
rPois    .         Spirit   .   (no helmet)
rElec    .         Reflect  .   (no cloak)
rCorr    .         Harm     .   (no gloves)
MR       .....                  (no boots)
Stlth    ++........             (no amulet)
Regen    0.2/turn               (no ring)
MPRegen  0.2/turn               (no ring)

@: very slightly contaminated
A: yellow scales 1, clever 1, spiny 1, strong 1
a: no special abilities


You were on level 3 of the Dungeon.
You were hungry.

You visited 1 branch of the dungeon, and saw 3 of its levels.

You collected 106 gold pieces.

Inventory:

Hand Weapons
 k - a +1 mace (weapon)
Missiles
 i - 8 curare-tipped needles
Armour
 a - a +1 robe (worn)
Jewellery
 e - an uncursed ring of wizardry {unknown}
Scrolls
 f - a scroll of identify
 g - 2 scrolls of recharging
 l - a scroll of enchant armour
Books
 b - a Young Poisoner's Handbook

   Spells                             Type                      Level
   a - Sting                          Conjuration/Poison           1
   b - Poisonous Vapours              Poison/Air                   2
   c - Mephitic Cloud                 Conjuration/Poison/Air       3
   d - Olgreb's Toxic Radiance        Poison                       4
   e - Venom Bolt                     Conjuration/Poison           5
Comestibles
 c - 2 bread rations
 h - 5 chunks of flesh
 m - 2 fruits


   Skills:
 * Level 2.3 Fighting
 - Level 1.7 Dodging
 - Level 1.7 Stealth
 + Level 2.9 Spellcasting
 * Level 2.7 Conjurations
 + Level 3.3 Poison Magic


You had 2 spell levels left.
You knew the following spells:

 Your Spells              Type           Power        Failure   Level  Hunger
a - Sting                 Conj/Pois      ##..         4%          1    None
b - Poisonous Vapours     Pois/Air       #.....       13%         2    ##.....
c - Mephitic Cloud        Conj/Pois/Air  #.......     22%         3    ###....


Dungeon Overview and Level Annotations

Branches:
Dungeon (3/15)

Altars:


Innate Abilities, Weirdness & Mutations

You are partially covered in yellow scales. (AC +2)
You are partially covered in sharp spines.
Your mind is acute. (Int +2)
Your muscles are strong. (Str +2)


Message History

Aiming: Poisonous Vapours
Press: ? - help, Dir - move target cursor, f/p - orc priest
Aim: an orc priest, wielding a flail Poisonous vapours surround the orc priest!
The orc priest is poisoned.
The orc priest hits you with a flail!
* * * LOW HITPOINT WARNING * * *
Unknown command.
You are feeling hungry.
You hit the orc priest.
The orc priest is lightly wounded.
The orc priest mumbles some strange prayers to Beogh against you.
Pain shoots through your body!
* * * LOW HITPOINT WARNING * * *
Unknown command.
You feel better. The orc priest misses you.
You sock the orc priest!
The orc priest is severely wounded.
The orc priest invokes the aid of Beogh against you.
Beogh smites you!
You die...

####............# #.
######.........#.# #. #
#.............##.# #. #.
#................. #.
#..#..................#
#.
..............#.....####
... #...... #....##..
#.###.#######.......[
#>)o@.....##.....####
#####.###.#........##
#.....# #........#...
#.##### ##...........
#.##....#### #.####### #
..# # ####


You could see an orc priest.

Vanquished Creatures
  5 adders
  An ooze (D:2)
  A worm (D:2)
  3 dart slugs (D:1)
  9 orcs
  5 bats
  5 giant cockroaches
  5 goblins
  9 hobgoblins
  5 kobolds
  A quokka (D:2)
  A ball python (D:3)
  A frilled lizard (D:3)
  10 rats
61 creatures vanquished.

Notes
Turn   | Place    | Note
-------+----------+-------------------------------------------
     0 | D:1      | vatarom the Demonspawn Venom Mage began the quest for the Orb.
     0 | D:1      | Reached XP level 1. HP: 13/13 MP: 3/3
   369 | D:1      | Gained mutation: You are partially covered in yellow scales. (AC +2) [demonic ancestry]
   369 | D:1      | Reached XP level 2. HP: 19/20 MP: 3/5
   435 | D:1      | Learned a level 2 spell: Poisonous Vapours
   703 | D:1      | Reached skill level 1 in Fighting
  1027 | D:1      | Reached XP level 3. HP: 26/26 MP: 4/6
  2056 | D:2      | Learned a level 3 spell: Mephitic Cloud
  2148 | D:2      | Gained mutation: You are partially covered in sharp spines. [demonic ancestry]
  2148 | D:2      | Reached XP level 4. HP: 29/33 MP: 5/8
  2518 | D:3      | Noticed a phantom
  2651 | D:3      | Gained mutation: Your mind is acute. (Int +2) [potion of mutation]
  2651 | D:3      | Gained mutation: Your spells are a little easier to cast, but a little less powerful. [potion of mutation]
  2651 | D:3      | Gained mutation: Your muscles are strong. (Str +2) [potion of mutation]
  2651 | D:3      | Lost mutation: Your spells are a little easier to cast, but a little less powerful. [potion of mutation]
  2840 | D:3      | Paralysed by a kobold for 2 turns
  2848 | D:3      | Killed from afar by an orc priest

Skill      XL: |  1  2  3  4 |
---------------+-------------+-----
Fighting       | 1 2 |  2.3
Conjurations   | 2 |  2.7
Dodging        | |  1.7
Stealth        | |  1.7
Spellcasting   | |  2.9
Poison Magic   | |  3.3

Action                   |  1- 3 |  4- 6 || total
-------------------------+-------+-------++-------
Melee: Unarmed           |    11 |       ||    11
       Dagger            |    91 |       ||    91
       Mace              |     5 |    48 ||    53
 Cast: Sting             |    33 |     7 ||    40
       Poisonous Vapours |    19 |     4 ||    23
       Mephitic Cloud    |       |     1 ||     1
  Use: Scroll            |     6 |     2 ||     8
       Potion            |     2 |     3 ||     5
 Stab: Sleeping          |     2 |     1 ||     3
  Eat: Chunk             |     6 |     2 ||     8
Armor: Robe              |    24 |    11 ||    35
       Skin              |       |     8 ||     8
Dodge: Dodged            |    70 |    31 ||   101
